 Dungeon Crawl Stone Soup version 0.30-a0-1006-g5d778dfbfc (webtiles) character file.

Game seed: 3973431858135046180

315 kae the Changer (level 6, 0/43 HPs)
             Began as a Demonspawn Transmuter on Apr 5, 2023.
             Frozen to death by an endoplasm (2 damage)
             ... on level 4 of the Dungeon.
             The game lasted 00:05:04 (3196 turns).

kae the Changer (Demonspawn Transmuter)             Turns: 3196, Time: 00:05:05

Health: 0/43       AC:  5    Str: 10    XL:     6   Next: 19%
Magic:  5/10       EV: 12    Int: 16    God:
Gold:   148        SH:  0    Dex: 14    Spells: 5/11 levels left

rFire   . . .      SeeInvis .      - Unarmed
rCold   . . .      Faith    .    (no shield)
rNeg    . . .      Spirit   .    a - +0 robe
rPois   .          Reflect  .    (helmet currently unavailable)
rElec   .          Rampage  .    (no cloak)
rCorr   .                        (no gloves)
Will    .....                    d - melded +0 pair of boots
Stlth   +                        (no amulet)
HPRegen 0.27/turn                (no ring)
MPRegen 0.12/turn                (no ring)

@: lethally poisoned (0 -> -3), appendages (expiring)
A: horns 2, talons 2, icy blue scales 2, demonic guardian 3
a: End Transformation


You were on level 4 of the Dungeon.
You had temporarily grown beastly horns and talons.
You visited 1 branch of the dungeon, and saw 4 of its levels.

You collected 148 gold pieces.


Innate Abilities, Weirdness & Mutations

You have temporarily grown beastly horns and talons.
You are mostly covered in icy blue scales. (AC +3)
A powerful demonic guardian rushes to your aid.


   Skills:
 - Level 1.0 Fighting
 - Level 1.7 Dodging
 + Level 3.7 Unarmed Combat
 + Level 3.2 Spellcasting
 * Level 4.1 Transmutations
 - Level 2.0 Poison Magic


You had 5 spell levels left.
You knew the following spells:

 Your Spells              Type           Power      Damage    Failure   Level
a - Beastly Appendage     Tmut           30%        N/A       3%          1
b - Wereblood             Tmut           15%        N/A       4%          2
c - Spider Form           Tmut/Pois      12%        N/A       16%         3

Your spell library contained the following spells:

 Spells                   Type           Power      Damage    Failure   Level
 Dazzling Flash           Conj/Hex       4%         N/A       50%         3
 Volatile Blastmotes      Fire/Tloc      4%         2d10      50%         3
 Ice Form                 Ice/Tmut       9%         N/A       61%         4
 Iskenderun's Mystic Bla  Conj/Tloc      2%         2d3       88%         4
 Starburst                Conj/Fire      1%         6d3       100%        6

Inventory:

Missiles
 e - 38 stones
 g - 2 boomerangs
Armour
 a - a +0 robe (worn)
 d - a +0 pair of boots (melded)
   (You found it on level 2 of the Dungeon)
Jewellery
 F - a ring of fire
   (You found it on level 3 of the Dungeon)
Wands
 r - a wand of digging (5)
   (You found it on level 4 of the Dungeon)
Scrolls
 c - a scroll of fog
 f - a scroll of vulnerability {!r!r}
 k - 2 scrolls of blinking {!r}
 l - a scroll of amnesia
 m - 2 scrolls of identify {@r1}
 p - 3 scrolls of teleportation {@r4}
 q - a scroll of enchant weapon
Potions
 b - a potion of lignification {!q}
 h - a potion of degeneration {unknown}
 i - a potion of heal wounds {unknown}
 j - a potion of haste {unknown}
 n - a potion of brilliance {unknown}
 o - a potion of curing {@q1}

Dungeon Overview and Level Annotations

Branches:
Dungeon (4/15) Zot: 20813
 Temple: D:4-7

Altars:

.#.# #..## ##............
....# #...##........# #.
#...#####...........# #.
#....>.###..........## ##
.##...#...............# #
....$.................####
........##.#.........†....
..!....gSJ.#.....#######.#
......)##@3#...### ####.#
..#.... #...)...# #.....
#...... ..###....# #.####
.......#..# ...#.# #...##
........... .##.# #.#.##
........... ##.#.##
.........#. ##..#..#..#
#.#..#..#............#
#.#.##...............#


You could see an adder, an endoplasm (ally target), a hobgoblin and a friendly
sixfirhy (summoned).


Message History

You barely miss the adder.
You feel sick. The adder misses you. x2
The gnoll misses you. The adder bites you.
You are more poisoned.
The adder poisons you!
You hit the adder.
You feel very sick. The adder bites you but does no damage.
The adder barely misses you. The gnoll closely misses you. 😕 HP[-6]
You take 6 damage, and now have 36/43 hp.
You hit the gnoll.
Your transformation has ended.
Your +0 pair of boots unmelds from your body.
Your +0 robe unmelds from your body.
You feel sick. The adder barely misses you. The adder bites you.
The gnoll barely misses you.
The adder bites you but does no damage. 😕 HP[-3]
You take 3 damage, and now have 33/43 hp.
You punch the gnoll!
You feel sick. The adder bites you but does no damage. The adder bites you.
The gnoll barely misses you. 😮 HP[-4]
You take 4 damage, and now have 29/43 hp.
Unknown command.
You hit the gnoll.
You feel a bit better.
You kill the gnoll!
You feel sick.
The adder bites you but does no damage. x2
The adder bites you.
You are more poisoned.
The adder poisons you! 😮 HP[+1]
You feel very sick. 😮 HP[-3]
You take 3 damage, and now have 27/43 hp.
The adder attacks as you move away! The adder misses you.
Your primal bloodlust is almost over.
You feel sick. The adder closely misses you.
Things that are here:
a +0 flail; a gnoll corpse; 😮 HP[-2] MP[+1]
You take 2 damage, and now have 25/43 hp.
Casting: Wereblood (safe; 4% risk of failure)
Confirm with . or Enter, or press ? or * to list all spells.
You grow a pair of large bovine horns.
Your feet morph into talons.
Your +0 pair of boots melds into your body.
You feel sick.
You feel sick. The adder bites you.
* * * LOW HITPOINT WARNING * * *
You are more poisoned.
The adder poisons you!
The adder barely misses you. 😨 HP[-4] MP[-1]
You take 4 damage, and now have 21/43 hp.
You lost 1 mp, and now have 4/10 mp.
You hit the adder.
You feel sick. The adder barely misses you. x2
The adder bites you but does no damage. x2 😨 HP[-2]
You take 2 damage, and now have 19/43 hp.
You barely miss the adder. You claw the adder!
You feel a bit better.
You kill the adder!
You feel sick. The adder bites you.
* * * LOW HITPOINT WARNING * * *
You are more poisoned.
The adder poisons you! 😨 HP[-4]
You take 4 damage, and now have 15/43 hp.
Your transformation is almost over.
You feel very sick. The adder bites you but does no damage.
You see here an adder corpse. 😨 HP[-3]
You take 3 damage, and now have 12/43 hp.
You completely miss the adder. Your kick misses the adder.
Your primal bloodlust has ended.
You feel sick.
The adder bites you but does no damage. 😨 HP[-1]
You take 1 damage, and now have 11/43 hp.
Unknown command.
You barely miss the adder.
You feel sick.
The endoplasm hits you but does no damage.
The adder closely misses you. 😱 HP[-1]
You take 1 damage, and now have 10/43 hp.
Unknown command.
You miss the adder. Your kick misses the adder.
You feel sick. The adder bites you but does no damage.
The endoplasm misses you. The adder barely misses you. 😱 HP[-2]
You take 2 damage, and now have 8/43 hp.
You closely miss the adder. Your kick misses the adder.
You feel sick. The endoplasm freezes you.
You are frozen.
* * * LOW HITPOINT WARNING * * *
A demonic guardian appears!
The adder barely misses you. 😱 HP[-6] MP[+1]
You take 6 damage, and now have 2/43 hp.
Unknown command.
You miss the adder. Your kick misses the adder. Your headbutt misses the adder.
* * * LOW HITPOINT WARNING * * *
You feel sick. The endoplasm freezes you.
You are frozen.
You die...

Skill      XL: |  1  2  3  4  5 |
---------------+----------------+-----
Transmutations | 2 3 4 |  4.1
Unarmed Combat | 3 |  3.7
Poison Magic   | 1 2 |  2.0
Spellcasting   | 3 |  3.2
Fighting       | |  1.0
Dodging        | |  1.7

Action                     |  1- 3 |  4- 6 || total
---------------------------+-------+-------++-------
  Melee: Unarmed           |    75 |   112 ||   187
         Kick              |    15 |    14 ||    29
         Headbutt          |     8 |     5 ||    13
         Punch             |     2 |     1 ||     3
   Cast: Beastly Appendage |    23 |    14 ||    37
         Spider Form       |     1 |     5 ||     6
         Wereblood         |       |     2 ||     2
    Use: Scroll            |     2 |     8 ||    10
 Armour: Robe              |     9 |    40 ||    49
         Skin              |     1 |     4 ||     5
  Dodge: Dodged            |    40 |   107 ||   147

Levels and vault maps discovered:
D:1:      minmay_arrival_stair_chambers, layout_loops_ring,
          hellmonk_ecumenical_altar_zigzags
D:2:      layout_loops_corners
D:3:      layout_rooms, lemuel_flame_loot_1
D:4:      layout_rooms, gammafunk_temple_overflow_statue,
          minmay_temple_entry_poolview, minivault_25

Notes
Turn   | Place    | Note
-------+----------+-------------------------------------------
     0 | D:1      | kae the Demonspawn Transmuter began the quest for the Orb.
     0 | D:1      | Reached XP level 1. HP: 15/15 MP: 3/3
     0 | D:1      | magus.rc [v1.11.3]
   108 | D:1      | Reached skill level 2 in Transmutations
   212 | D:1      | Gained mutation: A weak demonic guardian rushes to your
                  | aid. [demonic ancestry]
   212 | D:1      | Reached XP level 2. HP: 21/21 MP: 3/5
   389 | D:1      | Found a faded altar of an unknown god.
   459 | D:1      | You pick up a book of Spectacle and begin reading...
   459 | D:1      | You add the spells Volatile Blastmotes, Dazzling Flash,
                  | Iskenderun's Mystic Blast and Starburst to your library.
   498 | D:1      | Learned a level 2 spell: Wereblood
   948 | D:2      | Reached skill level 3 in Unarmed Combat
  1180 | D:2      | Gained mutation: A demonic guardian rushes to your aid.
                  | [demonic ancestry]
  1180 | D:2      | Reached XP level 3. HP: 25/26 MP: 4/6
  1180 | D:2      | magus.rc [v1.11.3]
  1623 | D:1      | Learned a level 3 spell: Spider Form
  1634 | D:2      | Reached skill level 3 in Transmutations
  1761 | D:2      | Gained mutation: You are partially covered in icy blue
                  | scales. (AC +2) [demonic ancestry]
  1761 | D:2      | Reached XP level 4. HP: 29/32 MP: 5/7
  2048 | D:3      | Reached skill level 1 in Poison Magic
  2465 | D:3      | Gained mutation: A powerful demonic guardian rushes to your
                  | aid. [demonic ancestry]
  2465 | D:3      | Reached XP level 5. HP: 36/37 MP: 7/9
  2976 | D:4      | Reached skill level 3 in Spellcasting
  2981 | D:4      | Reached skill level 2 in Poison Magic
  2988 | D:4      | Reached skill level 4 in Transmutations
  2988 | D:4      | Gained mutation: You are mostly covered in icy blue scales.
                  | (AC +3) [demonic ancestry]
  2988 | D:4      | Reached XP level 6. HP: 15/43 MP: 6/10
  3193 | D:4      | HP: 10/43 [poisoned by an adder]
  3195 | D:4      | HP: 2/43 [frozen (5)]
  3196 | D:4      | Frozen to death by an endoplasm

Vanquished Creatures
  A hound (D:4)
  An iguana (D:3)
  8 gnolls
  6 adders
  An ufetubus (D:4)
  A worm (D:2)
  4 dart slugs
  5 bats
  6 endoplasms
  3 giant cockroaches
  4 hobgoblins
  3 kobolds
  2 quokkas
  6 ball pythons
  5 frilled lizards
  10 goblins
  2 rats (D:1)
68 creatures vanquished.

Vanquished Creatures (collateral kills)
  A gnoll bouda (D:4)
  2 gnolls (D:4)
  A worm (D:2)
4 creatures vanquished.

Grand Total: 72 creatures vanquished

Table legend:
 A = Non-vault XP
 B = Vault XP
 C = Vault XP percentage of total XP
 D = Non-vault monster count
 E = Vault monster count
 F = Vault count percentage of total count
                 A         B        C        D         E       F
            +---------+---------+-------+---------+---------+-------
      Total |     450 |       0 |   0.0 |      72 |       0 |   0.0
            +---------+---------+-------+---------+---------+-------
        D:1 |      29 |       0 |   0.0 |      18 |       0 |   0.0
        D:2 |      87 |       0 |   0.0 |      20 |       0 |   0.0
        D:3 |      88 |       0 |   0.0 |      15 |       0 |   0.0
        D:4 |     246 |       0 |   0.0 |      19 |       0 |   0.0
            +---------+---------+-------+---------+---------+-------

Illustrated notes

Table legend:
 A = Kills in this place as a percentage of kills in the entire game.
 B = Kills by you in this place as a percentage of kills by you in the entire game.
 C = Kills by friends in this place as a percentage of kills by friends in the entire game.
 D = Other kills in this place as a percentage of other kills in the entire game.
 E = Experience gained in this place as a percentage of experience gained in the entire game.
 F = Experience gained in this place divided by the number of levels of this place that you have seen.
                   A       B       C       D       E      F
               +-------+-------+-------+-------+-------+----------------------
         Total | 100.0 | 100.0 | 100.0 |   N/A | 100.0 | 112.5
       Dungeon | 100.0 | 100.0 | 100.0 |   N/A | 100.0 | 112.5
               +-------+-------+-------+-------+-------+----------------------

Table legend: (Time is in decaauts)
 A = Elapsed time spent in this place.
 B = Non-inter-level travel time spent in this place.
 C = Inter-level travel time spent in this place.
 D = Time resting spent in this place.
 E = Time spent auto-exploring this place.
 F = Levels seen in this place.
 G = Mean time per level.
                   A        B        C        D        E       F      G
               +--------+--------+--------+--------+--------+-----+--------+
         Total |   3185 |   3129 |     56 |     82 |   2486 |   4 |  796.2 |
       Dungeon |   3185 |   3129 |     56 |     82 |   2486 |   4 |  796.2 |
               +--------+--------+--------+--------+--------+-----+--------+

Top non-repeatable levels by time:
     D:2: 1217 daAuts
     D:1: 794 daAuts
     D:3: 704 daAuts
     D:4: 469 daAuts
